 Dungeon Crawl Stone Soup version 0.29.0-11-gd7f09526c8 (webtiles) character file.

Game seed: 16878919486354058892

810 magipi the Chopper (level 7, -1/41 HPs)
             Began as a Gargoyle Fighter on Sept 6, 2022.
             Slain by an ogre
             ... wielding a +0 giant club
              (19 damage)
             ... on level 5 of the Dungeon.
             The game lasted 00:11:50 (4556 turns).

magipi the Chopper (Gargoyle Fighter)               Turns: 4556, Time: 00:11:51

Health: -1/41      AC: 11    Str: 22    XL:     7   Next: 92%
Magic:  7/7        EV:  9    Int:  8    God:
Gold:   180        SH:  4    Dex:  9    Spells: 6/6 levels left

rFire   . . .      SeeInvis +   a - +0 war axe
rCold   . . .      Faith    .   c - +0 buckler
rNeg    + . .      Spirit   .   b - +0 scale mail
rPois   ∞          Reflect  .   (no helmet)
rElec   +          Harm     .   (no cloak)
rCorr   .          Rampage  .   (no gloves)
Will    .....                   (no boots)
Stlth   ..........              (no amulet)
HPRegen 0.13/turn               i - ring of see invisible
MPRegen 0.10/turn               (no ring)

@: no status effects
A: sickness immunity, AC +4, negative energy resistance 1, electricity
resistance, torment resistance 1, petrification resistance
a: no special abilities


You were on level 5 of the Dungeon.
You visited 1 branch of the dungeon, and saw 5 of its levels.

You collected 180 gold pieces.

Inventory:

Hand Weapons
 a - a +0 war axe (weapon)
Missiles
 t - 3 boomerangs (quivered)
Armour
 b - a +0 scale mail (worn)
 c - a +0 buckler (worn)
Jewellery
 i - a ring of see invisible (left hand)
Wands
 x - a wand of flame (9)
Scrolls
 e - a scroll of immolation {unknown}
 j - 6 scrolls of identify {unknown}
 l - 2 scrolls of enchant weapon {unknown}
 m - 2 scrolls of magic mapping {unknown}
 n - a scroll of noise {unknown}
 r - a scroll of fear {unknown}
 u - 4 scrolls of amnesia {unknown}
 v - a scroll of torment {unknown}
 w - a scroll of teleportation {unknown}
Potions
 d - a potion of might
 f - 3 potions of brilliance
 g - 2 potions of mutation {unknown}
 h - 3 potions of curing
 k - 2 potions of lignification {unknown}
 o - 3 potions of cancellation {unknown}
 p - a potion of heal wounds {unknown}
 q - a potion of invisibility {unknown}
 s - 3 potions of degeneration {unknown}


   Skills:
 - Level 3.2 Fighting
 + Level 7.1 Axes
 + Level 2.3 Throwing
 - Level 3.2 Armour
 - Level 3.2 Shields
 + Level 2.2 Evocations


You had 6 spell levels left.
You didn't know any spells.
Your spell library contained the following spells:

 Spells                   Type           Power      Damage    Failure   Level
 Sandblast                Erth           0%         2d4       83%         1
 Passwall                 Tmut/Erth      0%         N/A       92%         2
 Call Canine Familiar     Summ           0%         N/A       99%         3
 Portal Projectile        Hex/Tloc       0%         N/A       99%         3
 Stone Arrow              Conj/Erth      0%         3d7       99%         3
 Leda's Liquefaction      Hex/Erth       0%         N/A       100%        4


Dungeon Overview and Level Annotations

Branches:
Dungeon (5/15)
 Temple: D:4-7

Altars:
Ru
Trog
Yredelemnul


Innate Abilities, Weirdness & Mutations

You are immune to sickness and miasma.
Your stone body is resilient. (AC +4)
You are immune to poison.
You resist negative energy. (rN+)
You are resistant to electric shocks. (rElec)
You are resistant to unholy torment.
You are immune to petrification.


Message History

The white imp shouts!
You completely miss the white imp. The white imp gestures at you.
The puff of frost hits you but does no damage.
You slash the white imp!
The white imp is almost dead.
The white imp lashes its tail.
The white imp barely misses you.
You barely miss the white imp.
The white imp is almost dead.
The white imp gestures at you. The puff of frost hits you.
You closely miss the white imp.
The white imp is almost dead.
The white imp gestures at you. The puff of frost hits you.
The white imp barely misses you.
You slash the white imp!
You kill the white imp!
An ogre comes into view. It is wielding a +0 giant club.
The ogre shouts!
Throw: 3 boomerangs
Press: ? - help, Q - select action, (/) - cycle Shift-Dir - straight line, f - ogre
Aim: an ogre, wielding a +0 giant club (72% to hit)
You throw a boomerang. The boomerang barely misses the ogre.
Unknown command.
Throw: 3 boomerangs
Press: ? - help, Q - select action, (/) - cycle Shift-Dir - straight line, f/p - ogre
Aim: an ogre, wielding a +0 giant club (72% to hit)
You throw a boomerang. The boomerang hits the ogre.
The ogre is lightly wounded.
Unknown command.
Okay, then.
Unknown command.
You slash the ogre!
The ogre is heavily wounded.
The ogre hits you with a +0 giant club!
You barely miss the ogre.
The ogre is heavily wounded.
The ogre hits you with a +0 giant club!!
You die...

#...## ##...###
#.....###
##......##
###.....#
###...## ##...#
#...# #..@#
##.O#######
#...##...#
#...##...####
##..##.......
#.###...#
#...O...#
#####...#####.##
#.###.###.###.###


You could see an ogre.

Vanquished Creatures
  2 black bears
  A necrophage (D:5)
  A scorpion (D:4)
  A hound (D:5)
  A jelly (D:4)
  2 orc priests
  A gnoll bouda (D:4)
  2 iguanas (D:4)
  An orc wizard (D:5)
  6 adders
  8 gnolls
  A white imp (D:5)
  6 worms
  3 dart slugs
  15 orcs
  9 endoplasms
  A giant cockroach (D:3)
  8 goblins
  8 hobgoblins
  8 jackals
  5 quokkas
  4 ball pythons
  9 bats
  5 frilled lizards
  12 kobolds
  6 rats
126 creatures vanquished.

Notes
Turn   | Place    | Note
-------+----------+-------------------------------------------
     0 | D:1      | magipi the Gargoyle Fighter began the quest for the Orb.
     0 | D:1      | Reached XP level 1. HP: 14/14 MP: 1/1
    27 | D:1      | Reached skill level 2 in Axes
    31 | D:1      | Reached XP level 2. HP: 18/19 MP: 2/2
   204 | D:1      | Reached skill level 3 in Axes
   224 | D:1      | Reached XP level 3. HP: 11/23 MP: 3/3
  1122 | D:2      | Reached XP level 4. HP: 20/28 MP: 4/4
  1432 | D:2      | Reached skill level 4 in Axes
  1962 | D:3      | Reached XP level 5. HP: 31/32 MP: 5/5
  2254 | D:4      | Reached skill level 5 in Axes
  2671 | D:4      | HP: 1/32 [iguana (8)]
  2673 | D:4      | Reached XP level 6. HP: 1/37 MP: 6/6
  3043 | D:4      | HP: 1/37 [gnoll/+0 flail[a gnoll bouda] (4)]
  3044 | D:4      | Reached skill level 6 in Axes
  3711 | D:4      | Found a bloodstained altar of Trog.
  3770 | D:4      | Found a sacrificial altar of Ru.
  3871 | D:5      | Entered Level 5 of the Dungeon
  3879 | D:5      | Reached XP level 7. HP: 41/41 MP: 7/7
  3925 | D:5      | Reached skill level 1 in Throwing
  3925 | D:5      | Reached skill level 1 in Evocations
  3986 | D:4      | Reached skill level 7 in Axes
  4226 | D:5      | Found a basalt altar of Yredelemnul.
  4556 | D:5      | Slain by an ogre

Illustrated notes

Levels and vault maps discovered:
D:1:      amcnicky_arrival_underground_garden, layout_basic,
          minmay_misc_feat_tiny, lemuel_old_faithful
D:2:      layout_basic, minmay_between
D:3:      layout_loops_cross
D:4:      layout_basic, nicolae_overflow_hidden_temple, kennysheep_little_box
D:5:      layout_basic, lemuel_crystal_altar,
          minmay_temple_entry_gardened_gates, serial_curves, eino_curves_01,
          eino_curves_04, minmay_misc_feat_secret_circle,
          nicolae_concentric_dashed_squares_mild, minmay_crystal_room,
          grunt_tough_drop

Skill      XL: |  1  2  3  4  5  6  7 |
---------------+----------------------+-----
Axes           | 2 3 4 5 6 7 |  7.1
Throwing       | 2 |  2.3
Evocations     | 2 |  2.2
Fighting       | |  3.2
Armour         | |  3.2
Shields        | |  3.2

Action                   |  1- 3 |  4- 6 |  7- 9 || total
-------------------------+-------+-------+-------++-------
Melee: War axe           |   125 |   231 |    74 ||   430
Throw: Boomerang         |       |       |     2 ||     2
  Use: Potion            |       |     4 |       ||     4
Armor: Scale mail        |    74 |   133 |    47 ||   254
Dodge: Dodged            |    90 |   105 |    34 ||   229
Block: Buckler           |    36 |    42 |    12 ||    90
